 Dungeon Crawl Stone Soup version 0.22-a0-601-gb0ed703 (webtiles) character file.

222 galech the Skirmisher (level 5, -8/57 HPs)
             Began as an Ogre Berserker on July 6, 2018.
             Was a Believer of Trog.
             Mangled by an orc
             ... wielding a +0 hand axe
              (10 damage)
             ... on level 3 of the Dungeon.
             The game lasted 00:02:23 (2039 turns).

galech the Skirmisher (Ogre Berserker)              Turns: 2039, Time: 00:02:24

Health: -8/57      AC:  5    Str: 21    XL:     5   Next: 99%
Magic:  5/5        EV: 11    Int:  8    God:    Trog [**....]
Gold:   100        SH:  0    Dex:  9    Spells: 4/4 levels left

rFire    . . .     SeeInvis .   a - +0 mace
rCold    . . .     Gourm    .   (no shield)
rNeg     . . .     Faith    .   b - +0 animal skin
rPois    +         Spirit   .   (helmet restricted)
rElec    .         Reflect  .   o - +1 cloak {rPois}
rCorr    .         Harm     .   (gloves unavailable)
MR       .....                  (boots unavailable)
Stlth    +.........             (no amulet)
HPRegen  0.19/turn              (no ring)
MPRegen  0.09/turn              (no ring)

@: berserk cooldown, slowed, very slow
A: large, unfitting armour, tough skin 1
a: Berserk, Trog's Hand, Renounce Religion


You were on level 3 of the Dungeon.
You worshipped Trog.
Trog was pleased with you.
You were hungry.

You visited 1 branch of the dungeon, and saw 3 of its levels.

You collected 100 gold pieces.

Inventory:

Hand Weapons
 a - a +0 mace (weapon)
Armour
 b - a +0 animal skin (worn)
 o - a +1 cloak of poison resistance (worn)
Scrolls
 d - a scroll of amnesia {unknown}
 h - 2 scrolls of identify {unknown}
 j - a scroll of blinking {unknown}
 n - a scroll of teleportation {unknown}
Potions
 e - a potion of agility {unknown}
 f - a potion of flight {unknown}
 g - 2 potions of curing {unknown}
 i - 2 potions of haste {unknown}
 k - a potion of cancellation {unknown}
 l - a potion of mutation {unknown}
 m - 2 potions of heal wounds {unknown}
 q - 3 potions of invisibility {unknown}
Comestibles
 c - 2 rations
 p - a chunk of flesh


   Skills:
 + Level 5.4 Fighting
 + Level 4.4 Maces & Flails
 + Level 3.8 Dodging
 + Level 0.3 Stealth


You had 4 spell levels left.
You didn't know any spells.
Your spell library was empty.

Dungeon Overview and Level Annotations

Branches:
Dungeon (3/15)

Altars:
Makhleb


Innate Abilities, Weirdness & Mutations

You are too large for most types of armour.
You have tough skin. (AC +1)


Message History

* * * LOW HITPOINT WARNING * * *
You barely miss the orc.
The orc is heavily wounded.
The orc wizard mumbles some strange words.
The orc wizard flickers and vanishes!
Deactivating autopickup; reactivate with Ctrl-A.
The orc hits you with a hand axe.
* * * LOW HITPOINT WARNING * * *
The orc barely misses you.
You completely miss the orc.
The orc is heavily wounded.
The orc hits you with a hand axe.
* * * LOW HITPOINT WARNING * * *
The orc hits you with a hand axe.
* * * LOW HITPOINT WARNING * * *
Unknown command.
Things that are here:
a dagger; a hand axe; an orc corpse The orc hits you with a hand axe!
You die...

### #.. #.# # .
#.# .#..#
###<#####.....#
#....@o{{..#
#.##.####.## #.
#.# # # ...
.#.## ..#.# ..
#.. .## ###


You could see an orc.

Vanquished Creatures
  A quasit (D:2)
  An orc priest (D:3)
  Crazy Yiuf (D:2)
  An orc wizard (D:3)
  Robin (D:2)
  2 adders (D:2)
  An ooze (D:2)
  2 worms (D:2)
  A dart slug (D:1)
  3 orcs (D:3)
  2 giant cockroaches
  12 goblins
  3 hobgoblins (D:2)
  11 jackals
  10 kobolds
  A bat (D:2)
  4 frilled lizards
  6 rats
63 creatures vanquished.

Notes
Turn   | Place    | Note
-------+----------+-------------------------------------------
     0 | D:1      | galech the Ogre Berserker began the quest for the Orb.
     0 | D:1      | Reached XP level 1. HP: 24/24 MP: 1/1
    90 | D:1      | Reached XP level 2. HP: 15/32 MP: 2/2
   752 | D:2      | Reached XP level 3. HP: 36/40 MP: 3/3
   958 | D:2      | Reached XP level 4. HP: 49/49 MP: 4/4
   962 | D:2      | Reached ** piety under Trog
  1021 | D:2      | Reached skill level 5 in Fighting
  1103 | D:2      | Noticed Robin
  1142 | D:2      | Killed Robin
  1142 | D:2      | Reached XP level 5. HP: 37/57 MP: 5/5
  1392 | D:2      | Found a burning altar of Makhleb.
  1394 | D:2      | Noticed a blizzard demon
  1398 | D:2      | Noticed a ynoxinul
  1398 | D:2      | Noticed an orange demon
  1535 | D:2      | Found a runed door.
  1540 | D:2      | Noticed Crazy Yiuf
  1550 | D:2      | Killed Crazy Yiuf
  2037 | D:3      | HP: 1/57 [orc/hand axe (6)]
  2039 | D:3      | Mangled by an orc

Vault maps used:
D:1:      lordsloth_arrival_two_stooges
D:2:      makhleb_altar_promises_db, uniq_crazy_yiuf_cottage, uniq_robin
D:3:      corexii_shack_village, lemuel_round_altar,
          ebering_ghost_reflecting_pool, nicolae_qazlal_general_emergency,
          uniq_grinder

Skill      XL: |  1  2  3  4  5 |
---------------+----------------+-----
Maces & Flails | 3 4 |  4.4
Dodging        | 3 |  3.8
Fighting       | 5 |  5.4
Stealth        | |  0.3

Action                   |  1- 3 |  4- 6 || total
-------------------------+-------+-------++-------
Melee: Mace              |    71 |   112 ||   183
Invok: Berserk           |     1 |     3 ||     4
       Trog's Hand       |       |     2 ||     2
  Eat: Chunk             |       |     7 ||     7
Armor: Animal skin       |    42 |    15 ||    57
Dodge: Dodged            |    63 |    53 ||   116

Table legend:
 A = Spawn XP
 B = Non-spawn XP
 C = Spawn XP percentage of total XP
 D = Spawn monster count
 E = Non-spawn monster count
 F = Spawn count percentage of total count
 G = Total turns spent on level
                    A         B        C        D         E        F      G
               +---------+---------+-------+---------+---------+-------+---------
         Total |       0 |     318 |   0.0 |       0 |      63 |   0.0 |  2039
               +---------+---------+-------+---------+---------+-------+---------
           D:1 |       0 |      27 |   0.0 |       0 |      16 |   0.0 |   719
           D:2 |       0 |     199 |   0.0 |       0 |      41 |   0.0 |  1293
           D:3 |       0 |      92 |   0.0 |       0 |       6 |   0.0 |    27
               +---------+---------+-------+---------+---------+-------+---------
